 Dungeon Crawl Stone Soup version 0.21-a0-404-g291f19a (webtiles) character file.

81 tof the Slasher (level 4, 0/40 HPs)
             Began as a Minotaur Berserker on Oct 29, 2017.
             Was a Believer of Trog.
             Succumbed to an adder's poison
             ... on level 2 of the Dungeon.
             The game lasted 00:01:44 (1173 turns).

tof the Slasher (Minotaur Berserker)                Turns: 1173, Time: 00:01:45

Health: 0/40       AC:  3    Str: 23    XL:     4   Next: 19%
Magic:  3/3        EV: 18    Int:  9    God:    Trog [**....]
Gold:   39         SH:  0    Dex: 14    Spells: 3/3 levels left

rFire    + . .     SeeInvis .   a - +0 falchion
rCold    + . .     Gourm    .   (no shield)
rNeg     . . .     Faith    .   b - +1 animal skin
rPois    +         Spirit   .   (helmet restricted)
rElec    +         Reflect  .   (no cloak)
rCorr    +         Harm     .   (no gloves)
MR       .....                  (no boots)
Stlth    ++........             (no amulet)
HPRegen  0.13/turn              (no ring)
MPRegen  0.08/turn              (no ring)

@: brilliant, agile, lethally poisoned (0 -> -13), resistant
A: retaliatory headbutt, horns 2
a: Berserk, Trog's Hand, Burn Spellbooks, Renounce Religion


You were on level 2 of the Dungeon.
You worshipped Trog.
Trog was pleased with you.
You were not hungry.

You visited 1 branch of the dungeon, and saw 2 of its levels.

You collected 39 gold pieces.

Inventory:

Hand Weapons
 a - a +0 falchion (weapon)
Armour
 b - a +1 animal skin (worn)
Scrolls
 e - 3 scrolls of teleportation {unknown}
 h - 3 scrolls of identify {unknown}
 j - a scroll of magic mapping {unknown}
Comestibles
 c - a bread ration
 g - 2 royal jellies
 k - 2 chunks of flesh


   Skills:
 + Level 4.1 Fighting
 * Level 4.7 Long Blades
 + Level 1.3 Throwing
 + Level 3.0 Armour
 + Level 2.7 Dodging


You had 3 spell levels left.
You didn't know any spells.

Dungeon Overview and Level Annotations

Branches:
Dungeon (2/15)

Altars:


Innate Abilities, Weirdness & Mutations

You reflexively headbutt those who attack you in melee.
You have a pair of horns on your head.


Message History

You kill the adder!
Trog accepts your kill.
* * * LOW HITPOINT WARNING * * *
You feel sick.
It was a potion of resistance.
You feel protected.
* * * LOW HITPOINT WARNING * * *
You feel sick.
It was a potion of agility.
You feel agile all of a sudden.
* * * LOW HITPOINT WARNING * * *
You feel sick.
It was a potion of brilliance.
You feel clever all of a sudden.
* * * LOW HITPOINT WARNING * * *
You feel sick.
As you read the scroll labeled PUUCESHRITEXO, it crumbles to dust.
It is a scroll of enchant armour.
Your +0 animal skin glows green for a moment.
You die...

##.# ##'## #.
##.).## #
##.....##
##.......##
#.........####.
+.........'....
#>........####.
##......)##
##...@=##
##.†.## ##'##
#. #. #. .. ..


There were no monsters in sight!

Vanquished Creatures
  Robin (D:2)
  A gnoll (D:1)
  2 adders (D:2)
  A worm (D:2)
  A dart slug (D:1)
  A ball python (D:1)
  2 bats (D:1)
  A giant cockroach (D:1)
  10 goblins
  6 hobgoblins
  4 jackals (D:1)
  A quokka (D:2)
  2 frilled lizards (D:1)
  2 kobolds (D:1)
  A rat (D:1)
36 creatures vanquished.

Notes
Turn   | Place    | Note
-------+----------+-------------------------------------------
     0 | D:1      | tof the Minotaur Berserker began the quest for the Orb.
     0 | D:1      | Reached XP level 1. HP: 19/19 MP: 0/0
   128 | D:1      | Reached XP level 2. HP: 26/27 MP: 1/1
   511 | D:1      | Reached XP level 3. HP: 33/33 MP: 2/2
   692 | D:1      | Reached skill level 1 in Throwing
   768 | D:2      | Noticed Robin
   990 | D:2      | Killed Robin
   990 | D:2      | Reached ** piety under Trog
  1168 | D:2      | Reached XP level 4. HP: 11/40 MP: 3/3
  1171 | D:2      | HP: 1/40 [poisoned by an adder]
  1173 | D:2      | Succumbed to an adder's poison

Vault maps used:
D:1:      lightli_arrival_statuegarden
D:2:      chequers_ecumenical_altar_twisty, uniq_robin, uniq_crazy_yiuf_cottage

Skill      XL: |  1  2  3 |
---------------+----------+-----
Long Blades    | 4 |  4.7
Throwing       | 1 |  1.3
Fighting       | 4 |  4.1
Armour         | 3 |  3.0
Dodging        | |  2.7

Action                   |  1- 3 |  4- 6 || total
-------------------------+-------+-------++-------
Melee: Falchion          |    64 |     1 ||    65
       Headbutt          |    13 |       ||    13
Invok: Berserk           |     1 |       ||     1
  Use: Potion            |       |     3 ||     3
       Scroll            |       |     1 ||     1
  Eat: Chunk             |     2 |       ||     2
Armor: Animal skin       |    15 |       ||    15
Dodge: Dodged            |    51 |     1 ||    52
       Rpst.: Falchion   |    12 |       ||    12

Table legend:
 A = Spawn XP
 B = Non-spawn XP
 C = Spawn XP percentage of total XP
 D = Spawn monster count
 E = Non-spawn monster count
 F = Spawn count percentage of total count
 G = Total turns spent on level
                    A         B        C        D         E        F      G
               +---------+---------+-------+---------+---------+-------+---------
         Total |       0 |     116 |   0.0 |       0 |      36 |   0.0 |  1173
               +---------+---------+-------+---------+---------+-------+---------
           D:1 |       0 |      50 |   0.0 |       0 |      21 |   0.0 |   948
           D:2 |       0 |      66 |   0.0 |       0 |      15 |   0.0 |   225
               +---------+---------+-------+---------+---------+-------+---------
